 Dungeon Crawl Stone Soup version 0.28.0-53-g5a82cb258f (webtiles) character file.

Game seed: 8639571191874426579

247 KrombopulosMichael the Skirmisher (level 6, 0/49 HPs)
             Began as a Formicid Cinder Acolyte on June 14, 2022.
             Was a High Priest of Ignis.
             Splashed by a jelly's acid (8 damage)
             ... on level 4 of the Dungeon.
             The game lasted 00:08:55 (3303 turns).

KrombopulosMichael the Skirmisher (FoCA)            Turns: 3303, Time: 00:08:55

Health: 0/49       AC: -10   Str: 18    XL:     6   Next: 34%
Magic:  4/9        EV:  9    Int: 14    God:    Ignis [*****.]
Gold:   59         SH:  0    Dex:  8    Spells: 7/9 levels left

rFire   + . .      SeeInvis +   a - -1 spear (flame)
rCold   . . .      Faith    .   (no shield)
rNeg    . . .      Spirit   .   c - +0 scale mail
rPois   .          Reflect  .   (helmet unavailable)
rElec   .          Harm     .   (no cloak)
rCorr   .          Rampage  .   l - +2 pair of gloves
Will    .....                   (no boots)
Stlth   ..........              (no amulet)
HPRegen 0.16/turn               m - ring of flight
MPRegen 0.11/turn               (no ring)

@: corroded, flying
A: permanent stasis, dig shafts and tunnels, antennae 3, four strong arms
a: Dig, Shaft Self, Renounce Religion, Fiery Armour, Foxfire Swarm, Rising Flame


You were on level 4 of the Dungeon.
You worshipped Ignis.
Ignis was extremely pleased with you.
You visited 1 branch of the dungeon, and saw 4 of its levels.

You collected 59 gold pieces.

Inventory:

Hand Weapons
 a - a -1 spear of flaming (weapon)
Armour
 b - a +1 robe
 c - a +0 scale mail (worn)
 l - a +2 pair of gloves (worn)
Jewellery
 m - a ring of flight (left hand)
Scrolls
 i - a scroll of magic mapping
 j - a scroll of immolation {unknown}
Potions
 d - a potion of ambrosia
 f - a potion of brilliance
 h - a potion of attraction
 k - a potion of cancellation


   Skills:
 * Level 4.6 Fighting
 + Level 3.8 Polearms
 * Level 2.4 Armour
 + Level 0.4 Dodging
 + Level 0.5 Stealth
 + Level 2.3 Spellcasting
 + Level 4.0 Fire Magic


You had 7 spell levels left.
You knew the following spells:

 Your Spells              Type           Power      Damage    Failure   Level
a - Scorch                Fire           24%        2d6       22%         2

Your spell library contained the following spells:

 Spells                   Type           Power      Damage    Failure   Level
 Foxfire                  Conj/Fire      28%        2x1d5     32%         1
 Conjure Flame            Conj/Fire      7%         6-21      67%         3
 Inner Flame              Hex/Fire       7%         N/A       67%         3
 Flame Wave               Conj/Fire      7%         2d5       97%         4
 Petrify                  Tmut/Erth      1%         N/A       100%        4
 Metabolic Englaciation   Hex/Ice        0%         N/A       100%        5
 Statue Form              Tmut/Erth      0%         N/A       100%        6


Dungeon Overview and Level Annotations

Branches:
Dungeon (4/15)
 Temple: D:4-7

Altars:

Annotations:
D:4 Edmund


Innate Abilities, Weirdness & Mutations

You cannot be hasted, slowed, berserked, paralysed or teleported.
You can dig through walls and to a lower floor.
You have a pair of large antennae on your head. (SInv)
Your four strong arms can wield two-handed weapons with a shield.


Message History

A jelly comes into view.
You hit the howler monkey but do no damage.
The howler monkey is heavily wounded.
The howler monkey barely misses you.
The howler monkey hoots and howls with incredible vigour!
You hit the howler monkey. You burn the howler monkey.
The howler monkey is heavily wounded.
The howler monkey barely misses you.
You hit the howler monkey. You burn the howler monkey.
The howler monkey is severely wounded.
The howler monkey hits you but does no damage.
You hit the howler monkey. You burn the howler monkey.
You kill the howler monkey!
Edmund the Younger comes into view.
He is wielding a +2 vorpal flail.
Your Fire Magic skill increases to level 4!
You hit the jelly but do no damage.
Your hands burn!
The jelly hits you. The acid corrodes you!
You are splashed with acid!
Casting: Scorch (safe; 22% risk of failure)
Confirm with . or Enter, or press ? or * to list all spells.
Flames lash the jelly.
The jelly is moderately wounded.
The jelly's fire resistance burns away.
The jelly hits you. The acid corrodes you!
You are splashed with acid!
You are too injured to fight recklessly!
You are too injured to fight recklessly!
You are too injured to fight recklessly!
You are too injured to fight recklessly!
You hit the jelly but do no damage. The acid corrodes you!
Your hands burn!
The jelly is moderately wounded.
The jelly hits you. The acid corrodes you!
You are splashed with acid!
* * * LOW HITPOINT WARNING * * *
You feel better. The jelly hits you. The acid corrodes you!
You are splashed with acid!
* * * LOW HITPOINT WARNING * * *
It was a potion of haste.
Your stasis prevents you from being hasted.
The jelly hits you.
* * * LOW HITPOINT WARNING * * *
You are splashed with acid!
You die...

.... ...#
#. ...# #..
...## ##..#
...##...#
......#
#J...#
#@)..#
#.)..#
##..@.##
##...††.#
##..####..#
##..##
.....
##..##
.....
##..## ...#
###..## ..


You could see Edmund and a jelly (combustible).

Vanquished Creatures
  2 howler monkeys (D:4)
  A hound (D:3)
  Robin (D:3)
  7 adders
  A worm (D:2)
  2 dart slugs
  6 endoplasms
  14 goblins
  5 hobgoblins
  3 jackals (D:1)
  2 kobolds (D:1)
  A quokka (D:2)
  6 ball pythons
  7 frilled lizards
  2 rats
60 creatures vanquished.

Notes
Turn   | Place    | Note
-------+----------+-------------------------------------------
     0 | D:1      | KrombopulosMichael the Formicid Cinder Acolyte began the
                  | quest for the Orb.
     0 | D:1      | Reached XP level 1. HP: 18/18 MP: 2/2
   194 | D:1      | Reached XP level 2. HP: 24/24 MP: 3/3
   276 | D:1      | Learned a level 2 spell: Scorch
   859 | D:1      | Found a faded altar of an unknown god.
   945 | D:2      | Reached XP level 3. HP: 26/30 MP: 1/4
  1324 | D:2      | Reached XP level 4. HP: 37/37 MP: 2/5
  1746 | D:3      | Noticed Robin
  2168 | D:3      | Reached XP level 5. HP: 26/43 MP: 3/8
  2495 | D:3      | Reached skill level 1 in Armour
  2998 | D:3      | Killed Robin
  3251 | D:4      | Reached XP level 6. HP: 40/49 MP: 6/9
  3297 | D:4      | Noticed Edmund
  3303 | D:4      | Splashed by a jelly's acid

Illustrated notes

Levels and vault maps discovered:
D:1:      saegor_arrival_simple_e, layout_loops_ring,
          dreamdust_ecumenical_altar_hidden_monk_grotto,
          hangedman_decor_clover_reticule
D:2:      layout_rooms, fountainhead, st_stairs_14, hangedman_feature_mirror
D:3:      layout_loops_ring, serial_glass, glass_columns_c, glass_columns_a,
          chequers_serial_rivers_room_a, kennysheep_generic_room_14, uniq_robin
D:4:      layout_layer_cave, hex_tiny, kennysheep_small_square, uniq_edmund

Skill      XL: |  1  2  3  4  5  6 |
---------------+-------------------+-----
Fighting       | 4 |  4.6
Spellcasting   | 2 |  2.3
Armour         | 1 2 |  2.4
Fire Magic     | 4 |  4.0
Polearms       | |  3.8
Dodging        | |  0.4
Stealth        | |  0.5

Action                   |  1- 3 |  4- 6 || total
-------------------------+-------+-------++-------
Melee: Spear             |    68 |    79 ||   147
       Punch             |       |     1 ||     1
 Cast: Scorch            |     8 |    24 ||    32
  Use: Scroll            |     6 |     3 ||     9
       Potion            |       |     4 ||     4
 Stab: Sleeping          |     1 |       ||     1
Armor: Robe              |     9 |     2 ||    11
       Scale mail        |       |    19 ||    19
Dodge: Dodged            |    25 |    23 ||    48
